AoeStats
← HR nomadplayer

Arabia

504682341Analyzed
1v1 RM · 25d ago on Sep 6, 2026· 26m 16s· 2 players
Game mode
Random Map
Map size
Tiny (2 player)
Population
200
Speed
Normal
Resources
Standard
Victory
Conquest
Starting age
Dark Age
Ending age
Imperial Age
RankedLock teamsTeams togetherTeam positionsShared explorationLock speedFull tech treeHidden civsTurbo modeCheats
Victory
Defeat
🇮🇳 Huns · India
2083
+15
🇨🇱 Hindustanis · Chile
2071
-15
HR nomadplayer
6:44 Loom
9:05 Loom
14:22 Feudal Age
18:15 Castle Age
baby
6:31 Loom
8:44 Feudal Age
9:39 Man-at-Arms
10:46 Double-Bit Axe
20:18 Wheelbarrow
19:37 Fletching
24:08 Forging
Connection lost

Rejoining the realm…

Still unreachable

The connection could not be restored.

Session expired

The server has moved on; the page needs a fresh start.